Map: Zen LE

Players

ViBE - Winner!

  • Race: Protoss Protoss
  • League: Master
  • Spawn Location: 7:00

Gleen

  • Race: Terran Terran
  • League: Master
  • Spawn Location: 1:00

VOD

Have the link to the VOD?

Description

Time

  • Played on: Nov. 29, 2019, 8:48 p.m.
  • Length: 19:51
Show
View Real Time Build Order
Export as new Build Order

ViBE Protoss - Winner!

Build Orders: 1 Gate Expand, Carriers 

Get SALT Encoding   

  12  0:00  Probe  
  13  0:13  Probe  
  14  0:26  Pylon  
  14  0:28  Probe  
  15  0:44  Probe (Chrono Boost), Gateway  
  16  0:52  Assimilator  
  16  0:56  Probe (Chrono Boost)  
  17  1:01  Probe (Chrono Boost)  
  18  1:10  Probe  
  19  1:22  Probe  
  20  1:30  Nexus  
  20  1:34  Probe  
  20  1:36  Pylon  
  21  1:46  Cybernetics Core  
  21  1:50  Probe  
  22  1:55  Assimilator  
  22  2:02  Probe (Chrono Boost)  
  22  2:08  Pylon  
  23  2:14  Probe (Chrono Boost)  
  24  2:20  Stalker (Chrono Boost)  
  24  2:22  Probe (Chrono Boost)  
  27  2:40  Probe  
  27  2:50  Stargate  
  28  2:52  Probe (Chrono Boost)  
  28  2:53  Probe (Chrono Boost)  
  29  3:03  Probe (Chrono Boost)  
  31  3:05  Probe (Chrono Boost), Forge  
  31  3:09  Probe (Chrono Boost), Pylon  
  32  3:14  Probe (Chrono Boost)  
  34  3:23  Probe (Chrono Boost)  
  34  3:24  Probe (Chrono Boost)  
  35  3:31  Probe  
  35  3:33  Probe  
  37  3:36  Void Ray (Chrono Boost)  
  41  3:43  Probe  
  41  3:45  Probe  
  43  3:54  Fleet Beacon  
  43  3:55  Probe  
  44  3:57  Probe  
  45  4:07  Probe, Pylon  
  45  4:09  Probe  
  47  4:12  Void Ray (Chrono Boost)  
  51  4:19  Probe  
  51  4:21  Probe  
  51  4:23  Assimilator  
  53  4:24  Assimilator  
  53  4:25  Protoss Air Weapons Level 1  
  53  4:35  Nexus  
  53  4:39  Pylon  
  53  4:40  Probe  
  53  4:42  Probe  
  55  4:46  Pylon  
  55  4:52  Protoss Shields Level 1  
  55  4:55  Probe x2  
  57  5:07  Probe x2  
  59  5:14  Photon Cannon  
  59  5:16  Photon Cannon  
  59  5:19  Probe (Chrono Boost), Photon Cannon  
  59  5:20  Probe (Chrono Boost)  
  59  5:21  Shield Battery  
  61  5:29  Unknown  
  61  5:30  Void Ray (Chrono Boost)  
  61  5:31  Probe (Chrono Boost)  
  61  5:32  Probe (Chrono Boost)  
  67  5:39  Photon Cannon  
  62  5:56  Probe  
  62  5:57  Probe x2  
  65  6:05  Stargate  
  65  6:08  Probe  
  65  6:09  Probe x2  
  68  6:20  Probe  
  68  6:21  Probe x2  
  71  6:26  Assimilator  
  71  6:29  Photon Cannon, Assimilator  
  71  6:30  Photon Cannon  
  71  6:31  Photon Cannon  
  71  6:33  Probe x3, Pylon  
  71  6:37  Void Ray  
  78  6:50  Protoss Air Weapons Level 2 (Chrono Boost)  
  78  6:53  Twilight Council  
  78  6:56  Gateway  
  78  6:57  Gateway  
  78  6:59  Probe x3  
  81  7:09  Void Ray (Chrono Boost)  
  85  7:19  Void Ray (Chrono Boost)  
  85  7:21  Probe x3  
  92  7:32  Nexus  
  92  7:33  Pylon  
  92  7:36  Pylon  
  92  7:48  Void Ray (Chrono Boost)  
  96  7:53  Templar Archives  
  96  7:54  Stargate  
  96  7:56  Gateway  
  96  8:02  Photon Cannon  
  96  8:04  Photon Cannon  
  96  8:16  Void Ray  
  100  8:25  Void Ray  
  100  8:28  Probe x3  
  100  8:30  Assimilator  
  100  8:33  Protoss Shields Level 2  
  103  8:35  Assimilator  
  103  8:38  Shield Battery  
  103  8:40  Probe x2, Photon Cannon  
  105  8:43  Warp Gate (Chrono Boost)  
  105  8:45  Psionic Storm  
  107  8:48  High Templar x2  
  107  8:49  High Templar x2  
  113  8:59  Void Ray  
  117  9:08  Void Ray  
  121  9:11  Probe x4  
  121  9:27  Nexus, Charge (Chrono Boost)  
  121  9:28  Pylon  
  121  9:30  Pylon  
  121  9:33  Gateway  
  121  9:40  Gateway  
  121  9:45  Gateway  
  121  9:51  Gateway  
  121  9:54  Pylon  
  121  9:57  Pylon  
  121  10:00  Void Ray x3, Pylon  
  121  10:05  Probe  
  121  10:06  Probe x3  
  137  10:09  Photon Cannon  
  137  10:12  Photon Cannon  
  137  10:15  Photon Cannon  
  137  10:17  Probe  
  126  10:33  Zealot x4  
  126  10:34  Zealot  
  135  10:52  High Templar x2  
  131  11:07  Zealot  
  131  11:08  Zealot x4  
  141  11:14  Protoss Air Weapons Level 3 (Chrono Boost)  
  123  11:19  Void Ray x3  
  115  11:37  Probe  
  115  11:38  Probe x3  
  106  11:49  Probe  
  106  11:50  Probe x3  
  110  12:02  Probe x3, Void Ray x3  
  110  12:03  High Templar x3  
  110  12:04  High Templar x2  
  135  12:11  Nexus  
  135  12:13  Pylon  
  135  12:16  Protoss Shields Level 3 (Chrono Boost)  
  135  12:17  Gateway  
  135  12:21  Probe x3, Gateway  
  135  12:22  Gateway, Assimilator  
  138  12:23  Gateway  
  138  12:25  Gateway, Assimilator  
  138  12:36  Pylon  
  134  12:46  Void Ray x2  
  142  12:54  Probe  
  142  12:55  Probe x3  
  146  13:07  Probe x3  
  149  13:24  Zealot x8  
  165  13:27  Nexus  
  161  13:53  Protoss Air Armor Level 1 (Chrono Boost)  
  145  14:02  Void Ray  
  145  14:03  Void Ray x2  
  133  14:27  Stargate  
  123  14:33  Stargate  
  123  14:41  Zealot x8  
  123  14:42  Zealot x4  
  123  14:45  Void Ray x2  
  147  14:46  Void Ray  
  147  14:50  Assimilator  
  159  14:55  Probe x4  
  159  14:56  Probe x2  
  159  14:57  Pylon  
  165  15:00  Pylon  
  165  15:07  Probe  
  165  15:08  Probe x2  
  176  15:15  High Templar x7  
  190  15:21  Carrier  
  196  15:32  Assimilator x2  
  196  15:36  Zealot x2  
  187  15:54  Carrier x2  
  191  16:03  Carrier  
  191  16:04  Carrier  
  184  16:13  Nexus  
  184  16:14  Pylon x2  
  164  16:34  Zealot x12  
  180  16:54  Carrier  
  176  16:58  Carrier x2  
  182  17:06  Protoss Ground Weapons Level 1  
  182  17:07  Carrier  
  188  17:20  Nexus  
  182  17:44  Archon x4  
  182  17:45  Archon  
  172  17:54  Carrier  
  172  17:58  Carrier  
  184  17:59  Probe  
  184  18:00  Probe x3  
  184  18:03  Carrier  
  194  18:12  Probe x3  
  187  18:14  Carrier  
  193  19:07  Probe  
  194  19:11  Zealot x3  
  200  19:43  Assimilator  
  200  19:44  Assimilator  
Show
View Real Time Build Order
Export as new Build Order

Gleen Terran 

Build Orders: Reaper Expand 

Get SALT Encoding   

  12  0:00  SCV  
  13  0:13  SCV  
  14  0:17  Supply Depot  
  14  0:25  SCV  
  15  0:38  SCV  
  16  0:43  Barracks  
  16  0:49  Refinery  
  16  0:50  SCV  
  17  1:03  SCV  
  18  1:15  SCV  
  19  1:31  Orbital Command  
  19  1:32  Reaper  
  20  1:41  Command Center  
  20  1:57  SCV  
  20  2:00  Bunker  
  20  2:04  Marine  
  21  2:09  SCV  
  21  2:12  Supply Depot  
  22  2:17  Refinery  
  22  2:21  SCV  
  22  2:22  Barracks Reactor  
  23  2:30  Factory  
  23  2:34  SCV  
  24  2:47  SCV  
  25  2:54  Orbital Command  
  25  2:59  Marine x2, SCV  
  28  3:11  SCV  
  29  3:23  SCV x2  
  29  3:25  Marine x2  
  29  3:26  Widow Mine  
  29  3:27  Starport  
  35  3:31  Supply Depot  
  35  3:35  SCV  
  35  3:37  SCV  
  35  3:39  Supply Depot  
  37  3:43  Marine x2  
  37  3:47  SCV  
  41  3:48  Widow Mine  
  41  3:49  SCV  
  41  3:55  Supply Depot  
  42  3:59  SCV  
  42  4:01  Marine x2, SCV  
  46  4:03  Medivac  
  48  4:11  SCV, Widow Mine  
  48  4:13  SCV  
  52  4:20  Liberator  
  52  4:21  Barracks  
  52  4:22  Barracks  
  52  4:23  SCV  
  53  4:25  SCV  
  53  4:27  Marine x2  
  56  4:34  Factory Tech Lab  
  56  4:36  SCV  
  56  4:37  SCV  
  61  4:46  Marine x2  
  61  4:48  SCV  
  61  4:49  SCV  
  65  4:52  Supply Depot  
  65  4:53  Refinery  
  65  4:55  Siege Tank  
  68  5:00  SCV  
  68  5:04  Marine  
  70  5:08  Barracks Tech Lab  
  70  5:09  Supply Depot  
  70  5:11  Supply Depot, Barracks Reactor  
  70  5:14  Marine, SCV x2  
  70  5:19  Engineering Bay  
  73  5:23  Starport Reactor  
  73  5:29  Stimpack  
  73  5:33  SCV  
  73  5:34  SCV  
  75  5:38  Factory Reactor  
  75  5:45  SCV  
  75  5:48  Marine x4  
  75  5:49  Marine  
  75  5:50  SCV  
  75  5:51  Terran Infantry Weapons Level 1  
  75  5:52  Missile Turret  
  75  5:56  Missile Turret  
  76  5:57  Missile Turret  
  76  5:58  SCV  
  76  5:59  Missile Turret  
  76  6:02  SCV  
  78  6:05  Viking  
  78  6:06  Command Center  
  78  6:07  Marine  
  78  6:10  SCV  
  82  6:12  Viking  
  82  6:13  Marine x2  
  82  6:18  SCV  
  87  6:21  Supply Depot, Marine  
  87  6:22  Marine, SCV  
  90  6:29  Widow Mine x2  
  94  6:38  Marine x2, SCV  
  94  6:42  Viking x2  
  94  6:45  Supply Depot  
  94  6:47  Marine x3  
  98  6:52  Refinery  
  101  6:56  Barracks  
  101  6:58  Marine  
  102  7:07  Widow Mine x2  
  105  7:09  Marine x4  
  109  7:15  Marine  
  110  7:25  Combat Shield, Viking x2  
  110  7:27  Marine, Barracks  
  115  7:30  Missile Turret, SCV x2  
  115  7:34  Marine  
  115  7:35  Missile Turret  
  118  7:38  Widow Mine  
  118  7:39  Widow Mine  
  122  7:44  Concussive Shells  
  122  7:46  Terran Infantry Armor Level 1  
  122  7:53  Marine  
  122  7:55  Medivac  
  122  7:58  Orbital Command  
  125  8:12  Supply Depot  
  125  8:14  Marine  
  125  8:28  Supply Depot  
  125  8:30  Supply Depot  
  125  8:31  Supply Depot, Barracks Reactor  
  125  8:35  Armory  
  125  8:36  Supply Depot, Engineering Bay  
  125  8:37  Supply Depot  
  125  8:41  Missile Turret  
  125  8:42  Missile Turret  
  125  8:50  Marine x2, SCV x2, Widow Mine x2  
  125  8:51  Marine x3, SCV, Medivac x2  
  125  8:52  Marine  
  125  8:54  Supply Depot  
  142  8:59  Supply Depot  
  142  9:02  SCV x2  
  144  9:06  SCV  
  144  9:08  Marine x2  
  144  9:09  Marine  
  144  9:14  SCV  
  144  9:15  Marine x4  
  144  9:16  Marauder  
  151  9:20  Ghost Academy, SCV x2  
  151  9:21  Medivac  
  151  9:23  Supply Depot x2  
  155  9:25  Marine x2, Terran Infantry Weapons Level 2  
  155  9:26  SCV  
  155  9:27  Marine  
  155  9:31  Missile Turret  
  159  9:32  SCV x2  
  159  9:34  Missile Turret  
  161  9:38  SCV  
  161  9:43  Marine  
  161  9:44  Marauder, Marine x4, SCV x2, Liberator  
  171  9:46  Liberator  
  171  9:50  SCV  
  172  9:53  Enhanced Shockwaves  
  172  9:56  SCV x2  
  172  9:57  Refinery  
  172  9:58  Refinery  
  174  10:03  SCV  
  174  10:05  Marine  
  174  10:06  Marine  
  182  10:26  Command Center  
  167  10:30  Ghost x2  
  165  10:36  Barracks x2  
  165  10:37  Barracks  
  165  10:39  Terran Infantry Armor Level 2  
  152  10:58  Ghost  
  152  10:59  Marine  
  152  11:00  Marine x6  
  161  11:17  Marine  
  149  11:19  Marine x6  
  115  11:37  Marine  
  106  11:42  Marine  
  103  11:53  Barracks Tech Lab x3  
  99  11:54  SCV x3  
  99  11:56  Planetary Fortress  
  99  11:59  Missile Turret  
  99  12:00  Missile Turret x2  
  99  12:01  Missile Turret  
  96  12:02  Marine  
  96  12:03  Marine x7  
  96  12:04  Missile Turret, Terran Infantry Weapons Level 3  
  96  12:05  Medivac  
  96  12:06  SCV x2, Medivac  
  96  12:07  SCV, Widow Mine x2  
  115  12:13  Terran Ship Weapons Level 1  
  115  12:14  Personal Cloaking  
  115  12:18  Ghost x3, SCV x2  
  115  12:19  SCV  
  115  12:20  Marine  
  115  12:21  Marine x2  
  127  12:26  Refinery  
  127  12:27  Refinery  
  127  12:30  SCV  
  127  12:32  Marine, SCV  
  127  12:33  Marine x2, SCV  
  136  12:38  Marine x2  
  139  12:47  Marine x2, Starport  
  139  12:51  Starport  
  137  12:56  Barracks  
  137  12:57  Barracks  
  137  12:58  Barracks  
  137  13:03  Missile Turret  
  137  13:06  Missile Turret  
  137  13:07  Marine  
  137  13:08  Marauder, Marine x6  
  137  13:09  Widow Mine  
  137  13:10  Widow Mine  
  150  13:18  Terran Infantry Armor Level 3  
  150  13:25  Marine  
  150  13:26  Marauder x2, Marine x2  
  157  13:32  Marine x3  
  160  13:34  Widow Mine  
  160  13:36  Starport Reactor  
  162  13:42  Starport Reactor  
  162  13:43  Marine  
  162  13:45  Command Center  
  162  13:48  Marauder  
  127  13:58  Marine  
  127  13:59  Marine x10  
  129  14:06  Marine  
  129  14:08  Marine  
  131  14:16  Marine  
  130  14:17  Marine x10  
  138  14:24  Marine  
  138  14:26  Marine, Widow Mine x2  
  140  14:34  Marine x2  
  140  14:35  Marine x9  
  151  14:39  Viking x2  
  151  14:42  Marine  
  151  14:44  Marine  
  157  14:47  Widow Mine x2  
  161  14:59  Viking x2  
  165  15:03  Planetary Fortress  
  165  15:07  Missile Turret x3  
  165  15:08  Missile Turret  
  165  15:09  Viking  
  165  15:10  Missile Turret x2  
  165  15:13  Medivac  
  169  15:21  Marine  
  169  15:22  Marine x11  
  169  15:25  SCV x2  
  169  15:27  Marine  
  184  15:29  Medivac  
  186  15:36  Missile Turret  
  186  15:37  Missile Turret x2  
  186  15:38  Missile Turret  
  106  16:30  Medivac x4  
  104  16:43  Marine x8  
  104  16:44  Marine  
  104  16:46  Command Center  
  109  16:49  Orbital Command  
  109  16:53  Marine x4  
  95  17:01  Marine x6  
  77  17:03  Marine x2  
  77  17:04  Marauder  
  77  17:06  Widow Mine x2  
  77  17:07  Viking x4  
  93  17:10  Marine  
  93  17:11  Marauder, Marine  
  93  17:12  Marine  
  96  17:18  Marine  
  96  17:19  Marine x5  
  100  17:26  SCV  
  100  17:27  SCV  
  100  17:29  Marauder  
  64  17:46  Marine  
  64  17:47  Marine x9  
  65  17:53  Marine  
  65  17:54  Marine  
  65  17:58  SCV x2  
  64  18:04  Marine  
  64  18:05  Marine  
  60  18:10  SCV  
  46  18:13  Marine x7  
  33  18:20  Marine x3  
  33  18:22  Marine  
  30  18:30  Marine  
  30  18:31  Marine x2  
  29  18:38  Marauder, Widow Mine  
Tags
 
Composition
Carriers
Matchup
PvT
Player
ViBE
Spawn Locations
Cross Positions
Add a new tag
Caveats
  • Supply blocks, unpowered buildings, or Contaminate may cause inaccurate times.
  • Supply counts are checked every 10 seconds.